 Dungeon Crawl Stone Soup version 0.13-a0-2350-g4422b0a (webtiles) character file.

237 ManOfSteam the Grave Robber (level 5, -5/35 HPs)
             Began as a Mummy Necromancer on July 10, 2013.
             Killed from afar by an orc wizard (9 damage)
             ... with a puff of flame
             ... on Level 3 of the Dungeon on July 11, 2013.
             The game lasted 00:39:24 (3375 turns).

ManOfSteam the Grave Robber (Mummy Necromancer)     Turns: 3375, Time: 00:39:24

HP  -5/35        AC  3     Str 11      XL: 5   Next: 28%
MP   7/10        EV 12     Int 15      God:
Gold 63          SH  0     Dex 12      Spells:  4 memorised,  2 levels left

Res.Fire  : x . .   See Invis. : .   h - +0 short sword (drain)
Res.Cold  : + . .   Warding    : .   a - +0 robe
Life Prot.: + + +   Conserve   : .   (no shield)
Res.Poison: +       Res.Corr.  : .   (no helmet)
Res.Elec. : .       Clarity    : .   (no cloak)
Sust.Abil.: . .     Spirit.Shd : .   (no gloves)
Res.Mut.  : .       Stasis     : .   n - +0 pair of boots
Res.Rott. : +       Flight     : .   (no amulet)
Saprovore : . . .                    (no ring)
                                     k - ring of protection from magic

@: quite resistant to hostile enchantments, fairly stealthy
A: no food or potions, fire vulnerability, restore body, cold resistance 1, life
protection 3, poison resistance, torment resistance, unbreathing
a: no special abilities


You were on level 3 of the Dungeon.
You were not hungry.

You visited 1 branch of the dungeon, and saw 3 of its levels.

You collected 43 gold pieces.

Inventory:

Hand weapons
 c - a +1,+0 dagger of protection
 h - a +0,+0 short sword of draining (weapon)
 l - a +1,+2 short sword of freezing
Missiles
 d - 13 darts (quivered)
Armour
 a - a +0 robe (worn)
 n - a +0 pair of boots (worn)
Scrolls
 e - 3 scrolls of identify
 g - 2 scrolls of enchant weapon II {unknown}
 i - a scroll of enchant weapon I
 j - a scroll of fog {unknown}
 m - a scroll of blinking {unknown}
Jewellery
 k - a ring of protection from magic (left hand)
Potions
 f - a potion of heal wounds
Books
 b - a book of Necromancy

   Spells                             Type                      Level
   *Pain                              Necromancy                   1
   *Animate Skeleton                  Necromancy                   1
   *Lethal Infusion                   Charms/Necromancy            2
   *Vampiric Draining                 Necromancy                   3
   Regeneration                       Charms/Necromancy            3
   Animate Dead                       Necromancy                   4
   Control Undead                     Necromancy                   4


   Skills:
 + Level 0.4 Fighting
 - Level 0.1 Short Blades
 + Level 2.2 Dodging
 + Level 1.9 Stealth
 + Level 0.4 Traps
 + Level 2.5 Spellcasting
 + Level 5.2 Necromancy


You had 2 spell levels left.
You knew the following spells:

 Your Spells              Type           Power        Failure   Level  Hunger
a - Pain                  Necr           ###.         2%          1    N/A
b - Animate Skeleton      Necr           N/A          2%          1    N/A
c - Lethal Infusion       Chrm/Necr      #.........   12%         2    N/A
d - Vampiric Draining     Necr           ###.......   10%         3    N/A

Dungeon Overview and Level Annotations

Branches:
Dungeon (3/27)

Altars:


Innate Abilities, Weirdness & Mutations

You do not eat or drink.
Your flesh is vulnerable to fire.
Your flesh is cold resistant.
You are immune to negative energy.
Your system is resistant to poisons.
You are immune to unholy pain and torment.
You can survive without breathing.


Message History

You hear some strange, mumbled words.
The magic dart hits you!
* * * LOW HITPOINT WARNING * * *
What do you say? t - Shout!
Orders for allies: a - Attack new target. p - Attack previous target. r - Retreat! s - Stop attacking. w - Wait here. f - Follow me.
Anything else - Stay silent.
Gang up on whom?
Press: ? - help, Dir - move target cursor, f/p - adder
Aim: an adder (severely wounded) Attack!
It hits you.
* * * LOW HITPOINT WARNING * * *
You swap places.
The adder completely misses you.
Your orc skeleton misses it.
Your orc skeleton barely misses the adder.
You hear some strange, mumbled words.
The puff of flame hits you! The fire burns you terribly!
One of your 4 scrolls of identify catches fire!
You die...

#.....# #.###)# #####
#.#...# #####.>.#
###.#.... ........##
#.....### ##.......#
#.###.#..
..........#######.#..%#..
.......Sz.)....##.#.....#
.....?#.@.####......###.#
#.......#####..###.#...#
............#..# ..#....
##......###.#..#.....###
#....#####......###.#..
#.... #...###.#...#..
...#####...#...#......
..<)......#..........
..######....##.#####.


You could see an adder and a friendly orc skeleton.

Vanquished Creatures
  An ice beast (D:3)
  2 adders (D:2)
  A giant mite (D:1)
  A worm (D:2)
  5 orcs (D:3)
  A ball python (D:2)
  4 giant cockroaches
  2 hobgoblins (D:2)
  2 quokkas (D:2)
  2 bats
  2 giant newts
  7 goblins
  2 jackals (D:3)
  9 kobolds
  6 rats
47 creatures vanquished.

Vanquished Creatures (collateral kills)
  An adder (D:3)
  A hobgoblin (D:1)
  A jackal (D:3)
  A kobold (D:2)
  A bat (D:1)
  2 giant newts
  An orc (D:3)
  2 rats (D:2)
10 creatures vanquished.

Vanquished Creatures (others)
  An adder skeleton (D:2)
  A bat skeleton (D:3)
  2 giant newt skeletons (D:2)
  2 goblin skeletons
  A jackal skeleton (D:3)
  3 kobold skeletons
  An orc skeleton (D:3)
  2 rat skeletons (D:2)
13 creatures vanquished.

Grand Total: 70 creatures vanquished

Notes
Turn   | Place    | Note
--------------------------------------------------------------
     0 | D:1      | ManOfSteam, the Mummy Necromancer, began the quest for the Orb.
     0 | D:1      | Reached XP level 1. HP: 13/13 MP: 3/3
   394 | D:1      | Learned a level 1 spell: Animate Skeleton
   547 | D:1      | Reached XP level 2. HP: 7/19 MP: 1/4
  1287 | D:1      | Noticed an ice beast
  1509 | D:2      | Reached XP level 3. HP: 15/24 MP: 1/6
  1742 | D:2      | Upgraded the game from 0.13-a0-2318-gf5ad1f9 to 0.13-a0-2350-g4422b0a
  2792 | D:3      | Reached XP level 4. HP: 30/30 MP: 5/7
  2905 | D:3      | Noticed an ice beast
  2923 | D:3      | Killed an ice beast
  2923 | D:3      | Reached skill level 5 in Necromancy
  2923 | D:3      | Reached XP level 5. HP: 5/35 MP: 8/10
  3285 | D:3      | Learned a level 2 spell: Lethal Infusion
  3289 | D:3      | Learned a level 3 spell: Vampiric Draining
  3375 | D:3      | Killed from afar by an orc wizard

Action                   |  1- 3 |  4- 6 || total
-------------------------+-------+-------++-------
Melee: Dagger            |    13 |    19 ||    32
       Unarmed           |     1 |       ||     1
       Short sword       |    40 |    12 ||    52
 Cast: Pain              |    48 |    17 ||    65
       Animate Skeleton  |    11 |     6 ||    17
       Lethal Infusion   |       |     1 ||     1
  Use: Scroll            |     2 |     4 ||     6
 Stab: Distracted        |     1 |       ||     1
